 Dungeon Sprint DCSS version 0.27.1-33-g824d729ab1 (webtiles) character file.

Game seed: 15644965963194857398

625 manyhoops the Thaumaturge (level 7, -1/32 (36) HPs)
             Began as a Deep Elf Earth Elementalist on Nov 27, 2021.
             Slain by Sonja (6 damage)
             ... in the Dungeon (Sprint I: "Red Sonja") on Nov 28, 2021.
             The game lasted 00:02:30 (563 turns).

manyhoops the Thaumaturge (DEEE)                     Turns: 563, Time: 00:02:30

HP:   -1/32 (36)    AC:  3    Str:  5    XL:     7   Next: 23%
MP:   22/33         EV: 16    Int: 22    God:
Gold: 205           SH:  0    Dex: 15    Spells: 20/30 levels left

rFire    . . .     SeeInvis .   (no weapon)
rCold    . . .     Faith    .   (no shield)
rNeg     . . .     Spirit   .   b - +0 robe
rPois    .         Reflect  .   (no helmet)
rElec    .         Harm     .   (no cloak)
rCorr    .         Rampage  .   (no gloves)
Will     .....     NoTele   +   j - +0 pair of boots
Stlth    ++........             (no amulet)
HPRegen  0.10/turn              k - ring of magical power
MPRegen  0.23/turn              (no ring)

@: lethally poisoned (-1 -> -3), slowed, heavily drained, very slow
A: no striking features
a: no special abilities


You were in the Dungeon.
You visited 1 branch You collected 405 gold pieces.
You spent 200 gold pieces at shops.

Inventory:

Missiles
 i - 20 stones
Armour
 b - a +0 robe (worn)
 j - a +0 pair of boots (worn)
Jewellery
 k - a ring of magical power (left hand)
Wands
 a - a wand of digging (6)
Scrolls
 g - a scroll of identify {unknown}
 h - a scroll of blinking
Potions
 c - a potion of curing
 d - a potion of heal wounds
 e - a potion of haste
 f - 2 potions of magic


   Skills:
 - Level 8.6 Dodging
 - Level 2.4 Stealth
 - Level 12.0 Spellcasting
 + Level 2.1 Conjurations
 - Level 1.1 Transmutations
 + Level 11.8 Earth Magic


You had 20 spell levels left.
You knew the following spells:

 Your Spells              Type           Power      Damage    Failure   Level
a - Sandblast             Erth           100%       2d20      1%          1
b - Passwall              Tmut/Erth      34%        N/A       1%          2
c - Stone Arrow           Conj/Erth      86%        3d12      1%          3
d - Petrify               Tmut/Erth      41%        N/A       3%          4

Your spell library contained the following spells:

 Spells                   Type           Power      Damage    Failure   Level


Dungeon Overview and Level Annotations

Branches:
Dungeon (1/1)

Altars:
Cheibriados
Dithmenos
Elyvilon
Fedhas
Gozag
Hepliaklqana
Kikubaaqudgha
Makhleb
Nemelex Xobeh
Okawaru
Qazlal
Ru
Sif Muna
Trog
Uskayaw
Vehumet
Wu Jian
Xom
Yredelemnul
Zin
The Shining One
Jiyva
Lugonu

Shops:
D =

Annotations:
D Sonja


Message History

Aim: Sonja, wielding a +2 dagger of draining and quivering curare-tipped darts (37% to hit)
The stone arrow misses Sonja.
Unknown command.
Casting: Stone Arrow (safe; 1% risk of failure)
Confirm with . or Enter, or press ? or * to list all spells.
Aiming: Stone Arrow (safe; 1% risk of failure)
Press: ? - help, Shift-Dir - straight line, f/p - Sonja
Aim: Sonja, wielding a +2 dagger of draining and quivering curare-tipped darts (37% to hit)
The stone arrow misses Sonja.
Sonja throws a curare-tipped dart.
The curare-tipped dart hits you.
You are poisoned.
You have difficulty breathing.
You feel yourself slow down.
Sonja throws a curare-tipped dart.
The curare-tipped dart misses you.
Casting: Stone Arrow (safe; 1% risk of failure)
Confirm with . or Enter, or press ? or * to list all spells.
Aiming: Stone Arrow (safe; 1% risk of failure)
Press: ? - help, Shift-Dir - straight line, f/p - Sonja
Aim: Sonja, wielding a +2 dagger of draining and quivering curare-tipped darts (37% to hit)
The stone arrow misses Sonja.
You feel sick.
Sonja throws a curare-tipped dart.
The curare-tipped dart barely misses you.
Unknown command.
Casting: Stone Arrow (safe; 1% risk of failure)
Confirm with . or Enter, or press ? or * to list all spells.
Aiming: Stone Arrow (safe; 1% risk of failure)
Press: ? - help, Shift-Dir - straight line, f/p - Sonja
Aim: Sonja, wielding a +2 dagger of draining and quivering curare-tipped darts (37% to hit)
The stone arrow misses Sonja.
You feel sick.
Sonja hits you with a +2 dagger of draining.
You feel drained.
Sonja hits you with a +2 dagger of draining.
You feel drained.
Sonja hits you with a +2 dagger of draining.
You feel drained.
Sonja shouts, "Too slow!"
Sonja misses you.
Sonja hits you with a +2 dagger of draining!
* * * LOW HITPOINT WARNING * * *
You feel drained.
Sonja hits you with a +2 dagger of draining.
You die...

######################
#<.#..)..#.)'..#__#..+
#..)..#..'..#..'..'..#
#..#####'#####'#__####
#..####..#...#[####
#..#__####..##.#
#..#_____##'#_.+
#⌠⌠#_.∩...†..._#
####_..__##_@#'#
#_____###K#.# #######
#.### $.$ $.$ ##.##
#+#


You could see Sonja.

Vanquished Creatures
  A slime creature (D)
  Sigmund (D)
  A yak (D)
  An ogre (D)
  A jelly (D)
  Ijyb (D)
6 creatures vanquished.

Vanquished Creatures (others)
  A gargoyle (D)
1 creature vanquished.

Grand Total: 7 creatures vanquished

Notes
Turn   | Place    | Note
-------+----------+-------------------------------------------
     0 | D        | manyhoops the Deep Elf Earth Elementalist began the quest
                  | for the Orb.
     0 | D        | Reached XP level 1. HP: 10/10 MP: 6/6
     1 | D        | Noticed Ijyb
    10 | D        | Killed Ijyb
    11 | D        | Reached skill level 8 in Spellcasting
    11 | D        | Reached XP level 2. HP: 6/15 MP: 3/13
   166 | D        | Killed a gargoyle
   220 | D        | Noticed an ogre
   223 | D        | Killed an ogre
   224 | D        | Reached skill level 12 in Spellcasting
   224 | D        | Reached XP level 3. HP: 19/19 MP: 10/18
   224 | D        | Reached XP level 4. HP: 24/24 MP: 11/20
   227 | D        | Learned a level 2 spell: Passwall
   231 | D        | Learned a level 3 spell: Stone Arrow
   236 | D        | Learned a level 4 spell: Petrify
   246 | D        | Noticed Sigmund
   251 | D        | Killed Sigmund
   252 | D        | Reached XP level 5. HP: 23/28 MP: 12/21
   252 | D        | Reached XP level 6. HP: 26/32 MP: 13/23
   316 | D        | Found an ornate altar of the Wu Jian Council.
   316 | D        | Found a shimmering blue altar of Sif Muna.
   318 | D        | Found a radiant altar of Vehumet.
   321 | D        | Reached skill level 10 in Earth Magic
   355 | D        | Found Kouniote's Jewellery Emporium.
   355 | D        | Found an ancient bone altar of Kikubaaqudgha.
   355 | D        | Found a hazy altar of Hepliaklqana.
   355 | D        | Found a stormy altar of Qazlal.
   355 | D        | Found a hide-covered altar of Uskayaw.
   355 | D        | Found a blossoming altar of Fedhas.
   355 | D        | Found a bloodstained altar of Trog.
   355 | D        | Found an iron altar of Okawaru.
   355 | D        | Found a basalt altar of Yredelemnul.
   355 | D        | Found a glowing golden altar of the Shining One.
   355 | D        | Found a snail-covered altar of Cheibriados.
   355 | D        | Found a sacrificial altar of Ru.
   355 | D        | Found a glowing silver altar of Zin.
   355 | D        | Found a shadowy altar of Dithmenos.
   355 | D        | Found a white marble altar of Elyvilon.
   355 | D        | Noticed a yak
   359 | D        | Killed a yak
   360 | D        | Found an opulent altar of Gozag.
   361 | D        | Found a sparkling altar of Nemelex Xobeh.
   365 | D        | Bought a ring of magical power for 200 gold pieces
   463 | D        | Found a burning altar of Makhleb.
   463 | D        | Found a viscous altar of Jiyva.
   463 | D        | Found a shimmering altar of Xom.
   463 | D        | Found a corrupted altar of Lugonu.
   463 | D        | Noticed a slime creature
   468 | D        | Killed a slime creature
   469 | D        | Reached XP level 7. HP: 28/36 MP: 18/24
   559 | D        | Noticed Sonja
   563 | D        | Slain by Sonja

Illustrated notes

Levels and vault maps discovered:
D:        dungeon_sprint_1 [red_sonja_temple_1, red_sonja_temple_small_1]

Skill      XL: |  1  2  3  4  5  6 |
---------------+-------------------+-----
Spellcasting   | 8 12 | 12.0
Earth Magic    | 9 11 | 11.8
Dodging        | 8 |  8.6
Conjurations   | 2 |  2.1
Stealth        | |  2.4
Transmutations | |  1.1

Action                   |  1- 3 |  4- 6 |  7- 9 || total
-------------------------+-------+-------+-------++-------
Melee: Unarmed           |     5 |       |       ||     5
 Cast: Sandblast         |     5 |     5 |       ||    10
       Stone Arrow       |       |     8 |     4 ||    12
  Use: Potion            |     1 |       |       ||     1
Dodge: Dodged            |     2 |     4 |     3 ||     9
